 Dungeon Crawl Stone Soup version 0.28.0-1-gb440e238dd (webtiles) character file.

Game seed: 14778104363309174865

29 Morbidden the Skirmisher (level 3, 22/29 HPs)
             Began as a Demonspawn Fighter on Feb 21, 2022.
             Quit the game on level 1 of the Dungeon.
             The game lasted 00:00:30 (511 turns).

Morbidden the Skirmisher (Demonspawn Fighter)        Turns: 511, Time: 00:00:31

Health: 22/29      AC:  6    Str: 18    XL:     3   Next: 1%
Magic:  3/3        EV:  9    Int:  9    God:
Gold:   19         SH:  4    Dex: 12    Spells: 2/2 levels left

rFire   . . .      SeeInvis .   a - +0 long sword
rCold   . . .      Faith    .   c - +0 buckler
rNeg    . . .      Spirit   .   b - +0 scale mail
rPois   .          Reflect  .   (no helmet)
rElec   .          Harm     .   (no cloak)
rCorr   .          Rampage  .   (no gloves)
Will    .....                   (no boots)
Stlth   ..........              (no amulet)
HPRegen 0.09/turn               (no ring)
MPRegen 0.08/turn               (no ring)

@: no status effects
A: demonic magic 1, demonic touch 1
a: no special abilities


You were on level 1 of the Dungeon.
You visited 1 branch of the dungeon, and saw 1 of its levels.

You collected 19 gold pieces.

Inventory:

Hand Weapons
 a - a +0 long sword (weapon)
Missiles
 e - 5 javelins (quivered)
Armour
 b - a +0 scale mail (worn)
 c - a +0 buckler (worn)
Scrolls
 g - 3 scrolls of blinking {unknown}
Potions
 d - a potion of might
 f - a potion of lignification {unknown}


   Skills:
 + Level 3.3 Fighting
 + Level 2.2 Long Blades
 + Level 3.0 Armour
 + Level 0.1 Dodging
 + Level 2.9 Shields


You had 2 spell levels left.
You didn't know any spells.
Your spell library was empty.

Dungeon Overview and Level Annotations

Branches:
Dungeon (1/15)

Altars:


Innate Abilities, Weirdness & Mutations

Spells you cast may paralyse adjacent enemies.
Your touch may inflict minor irresistible damage on your foes.


Message History

The hobgoblin hits you.
You slash the hobgoblin!
You kill the hobgoblin!
You see here a hobgoblin corpse.
g - 3 scrolls labelled EDOJUI BO NUA No target in view!
A goblin comes into view. It is wielding a +0 dagger.
The goblin shouts!
You see here 8 gold pieces.
A goblin comes into view. It is wielding a +0 club.
The goblin shouts!
There are monsters nearby!
There are monsters nearby!
The goblin hits you but does no damage.
You see here 25 arrows.
You closely miss the goblin. The goblin hits you with a +0 dagger.
There are monsters nearby!
You closely miss the goblin. The goblin hits you with a +0 club.
The goblin hits you with a +0 dagger. The goblin hits you but does no damage.
There are monsters nearby!
You hit the goblin.
You kill the goblin!
The goblin barely misses you.
A goblin is nearby!
You closely miss the goblin. The goblin hits you with a +0 club.
You slash the goblin!
You kill the goblin!
You have reached level 3!
Your experience leads to an increase in your attributes!
Increase (S)trength, (I)ntelligence, or (D)exterity?
You feel stronger. x2; Your demonic ancestry asserts itself...
Your hands begin to faintly glow with unholy energy.
A frilled lizard comes into view.
The frilled lizard hisses angrily.
A frilled lizard is nearby!
A frilled lizard is nearby!
Are you sure you want to abandon this character and quit the game? (Confirm with "yes".)
Okay, then.
Unknown command.
Are you sure you want to abandon this character and quit the game? (Confirm with "yes".)

.......# .. ..# ##..... ........#
#.## #.# ####..## ......... ...#
#.######........ .........
####..##..........####. ......)..
..............#.#. ..# .........
......)...#..#.# #.. .........
##..)(....##.# #####
.........#####.......####.###.###
......> .......@....####.#......
#.#.##..####.........$......####†
#...# #....###l.........#.### #.
#... ####...........##...#### ##
#..# #..........#...........#
#..####.####...###..............
.......(.##...###################
.........##.#.....#.#..####...##.
.........#..#.(##..#..#.##.##.##.


You could see a frilled lizard.

Vanquished Creatures
  A dart slug (D:1)
  A bat (D:1)
  7 goblins (D:1)
  5 hobgoblins (D:1)
  4 kobolds (D:1)
  2 quokkas (D:1)
  A ball python (D:1)
  A frilled lizard (D:1)
22 creatures vanquished.

Notes
Turn   | Place    | Note
-------+----------+-------------------------------------------
     0 | D:1      | Morbidden the Demonspawn Fighter began the quest for the
                  | Orb.
     0 | D:1      | Reached XP level 1. HP: 18/18 MP: 1/1
   111 | D:1      | Gained mutation: Spells you cast may paralyse adjacent
                  | enemies. [demonic ancestry]
   111 | D:1      | Reached XP level 2. HP: 24/24 MP: 2/2
   498 | D:1      | Gained mutation: Your touch may inflict minor irresistible
                  | damage on your foes. [demonic ancestry]
   498 | D:1      | Reached XP level 3. HP: 20/29 MP: 3/3
   511 | D:1      | Quit the game

Illustrated notes

Levels and vault maps discovered:
D:1:      dpeg_arrival_signposts, layout_rooms

Skill      XL: |  1  2 |
---------------+-------+-----
Long Blades    | 2 |  2.2
Armour         | 3 |  3.0
Fighting       | |  3.3
Dodging        | |  0.1
Shields        | |  2.9

Action                   || total
-------------------------++-------
Melee: Long sword        ||    56
Armor: Scale mail        ||    16
Dodge: Dodged            ||    23
Block: Buckler           ||    13
